Map: The Vermillion Problem

Players

ther

  • Race: Protoss Protoss
  • Spawn Location: 11:00

NamroodTuo

  • Race: Terran Terran

VOD

Have the link to the VOD?

Description

Time

  • Played on: June 4, 2023, 1:07 p.m.
  • Length: 23:55
Show
View Real Time Build Order
Export as new Build Order

ther Protoss 

Build Orders:  

Get SALT Encoding   

  12  0:12  Pylon  
  12  0:28  Pylon  
  12  0:33  Probe (Chrono Boost)  
  13  0:52  Gateway  
  13  0:56  Probe (Chrono Boost)  
  14  1:16  Forge  
  14  1:20  Probe (Chrono Boost)  
  15  1:34  Probe (Chrono Boost)  
  16  1:48  Probe (Chrono Boost)  
  17  1:58  Cybernetics Core  
  17  2:02  Probe (Chrono Boost)  
  18  2:16  Probe (Chrono Boost)  
  19  2:29  Probe (Chrono Boost)  
  19  2:36  Pylon x2  
  19  2:39  Pylon  
  20  2:43  Probe (Chrono Boost)  
  20  2:49  Assimilator  
  21  2:55  Assimilator  
  21  2:57  Probe (Chrono Boost)  
  22  3:22  Probe (Chrono Boost)  
  23  3:36  Probe (Chrono Boost)  
  24  3:50  Probe (Chrono Boost)  
  25  4:02  Death Council  
  25  4:04  Probe (Chrono Boost)  
  26  4:13  Pylon  
  26  4:14  Pylon  
  26  4:16  Pylon  
  26  4:18  Probe (Chrono Boost), Pylon  
  27  4:32  Probe (Chrono Boost)  
  28  4:43  Forge  
  28  4:44  Forge  
  28  5:12  Phase Blink  
  28  6:06  Phasing Armor  
  28  6:16  Nexus  
  28  6:20  Assimilator  
  28  6:22  Assimilator  
  28  6:56  Probe (Chrono Boost)  
  28  6:59  Protoss Shields Level 1, Protoss Ground Armor Level 1, Protoss Air Armor Level 1, Protoss Air Weapons Level 1, Protoss Ground Weapons Level 1  
  29  7:06  Warp Gate  
  29  7:12  Probe (Chrono Boost)  
  30  7:29  Probe (Chrono Boost)  
  31  7:46  Probe (Chrono Boost)  
  32  7:58  Probe (Chrono Boost)  
  33  8:03  Probe (Chrono Boost)  
  33  8:06  Cloaking Module  
  34  8:12  Probe (Chrono Boost)  
  34  8:15  Pylon  
  34  8:18  Pylon  
  36  8:20  Probe (Chrono Boost), Pylon  
  36  8:22  Pylon  
  36  8:24  Pylon  
  36  8:25  Pylon  
  36  8:26  Probe (Chrono Boost)  
  37  8:37  Probe (Chrono Boost)  
  53  8:40  Probe (Chrono Boost)  
  38  8:53  Probe (Chrono Boost)  
  38  8:54  Probe (Chrono Boost)  
  36  9:35  Probe (Chrono Boost)  
  37  9:40  Probe (Chrono Boost)  
  38  9:53  Probe (Chrono Boost)  
  38  9:54  Probe (Chrono Boost)  
  40  10:08  Probe (Chrono Boost)  
  40  10:09  Probe (Chrono Boost)  
  42  10:15  Pylon x2  
  42  10:18  Pylon  
  42  10:22  Probe (Chrono Boost)  
  42  10:24  Gateway x2  
  42  10:26  Probe (Chrono Boost)  
  42  10:27  Gateway  
  44  10:30  Gateway  
  44  10:32  Gateway  
  44  10:34  Gateway  
  44  10:36  Probe (Chrono Boost)  
  45  10:43  Probe (Chrono Boost)  
  46  10:54  Protoss Air Armor Level 2, Protoss Ground Weapons Level 2, Protoss Shields Level 2, Protoss Ground Armor Level 2, Protoss Air Weapons Level 2  
  46  10:57  Probe (Chrono Boost)  
  48  11:00  Probe (Chrono Boost)  
  48  11:11  Probe (Chrono Boost)  
  49  11:25  Probe (Chrono Boost)  
  50  11:34  Gateway  
  50  11:35  Gateway  
  50  11:38  Gateway  
  50  11:39  Probe (Chrono Boost)  
  50  11:41  Gateway  
  50  11:43  Gateway  
  51  11:53  Probe (Chrono Boost)  
  52  12:55  Pylon  
  52  13:14  Pylon  
  52  13:15  Pylon  
  52  13:20  Pylon  
  52  13:23  Pylon  
  52  13:24  Pylon, Havoc x4  
  52  13:25  Havoc x7  
  52  13:26  Pylon, Havoc  
  63  14:12  Slayer  
  63  14:13  Slayer x6  
  63  14:14  Slayer x5  
  88  14:30  Probe (Chrono Boost)  
  88  14:47  Probe (Chrono Boost)  
  89  15:24  Slayer x6  
  89  15:25  Slayer x6  
  110  16:23  Slayer x6  
  110  16:24  Slayer x6  
  132  18:10  Havoc  
  132  18:13  Slayer x6  
  132  18:14  Slayer x5  
  155  19:49  Slayer x6  
  167  19:50  Slayer x5  
  167  19:51  Slayer  
  134  21:45  Havoc  
  134  21:47  Slayer x5  
  134  21:48  Slayer x6  
  157  22:23  Slayer  
  157  22:24  Slayer x5  
  157  22:25  Slayer x6  
  181  23:03  Slayer  
  181  23:04  Slayer x6  
  181  23:05  Slayer x2  
Show
View Real Time Build Order
Export as new Build Order

NamroodTuo Terran 

Build Orders:  

Get SALT Encoding   

  12  0:05  SCV  
  13  0:22  SCV  
  14  0:38  Gunslingers Hideout  
  14  0:39  SCV  
  15  0:56  SCV  
  16  1:04  Engineering Bay  
  16  1:12  SCV  
  16  1:17  Refinery  
  17  1:29  SCV  
  18  1:46  SCV  
  18  1:49  Auto-Turret  
  19  1:56  Auto-Turret  
  19  2:10  Auto-Turret  
  19  2:27  SCV  
  20  2:44  SCV  
  20  2:46  Refinery  
  21  3:01  SCV, Tychus  
  21  3:04  Auto-Turret  
  22  3:55  SCV  
  23  4:12  SCV  
  23  4:17  Crooked Sam  
  34  5:19  SCV  
  35  5:36  SCV  
  36  5:52  SCV  
  37  6:20  Command Center  
  37  7:12  James Sirius Sykes  
  47  8:10  SCV  
  47  8:18  Outlaw Weapons Level 1, Muscle Armory  
  48  8:25  SCV  
  48  8:27  SCV  
  50  8:31  Auto-Turret  
  49  8:42  SCV  
  49  8:44  SCV  
  51  8:59  SCV  
  52  9:33  Auto-Turret  
  52  9:35  Auto-Turret  
  52  9:54  Auto-Turret, Command Center  
  52  10:02  Auto-Turret x2  
  52  10:03  Auto-Turret  
  52  10:18  Outlaw Life and Armor Level 1  
  52  10:21  Auto-Turret  
  52  10:48  Auto-Turret  
  52  11:13  SCV  
  53  11:20  Auto-Turret  
  53  11:30  SCV  
  53  11:31  Auto-Turret  
  54  11:47  SCV  
  54  11:48  Auto-Turret  
  55  11:58  Auto-Turret  
  55  12:03  SCV  
  56  12:14  Auto-Turret, Fixers Safehouse  
  56  12:18  Endurance Supplements  
  56  12:19  Medivac Platform  
  56  12:20  SCV  
  56  12:24  Auto-Turret  
  57  13:31  Lt Layna Nikara  
  67  13:42  SCV  
  67  13:48  ITC-E Triggers  
  66  13:54  Auto-Turret  
  66  13:59  SCV  
  67  14:16  SCV  
  68  14:22  Auto-Turret  
  68  14:33  SCV  
  69  14:50  SCV  
  70  15:18  Flashforce GDM Visor  
  70  15:24  Rob Cannonball Boswell  
  80  15:31  Kel-Morian Ripper Rounds  
  80  16:48  Outlaw Life and Armor Level 2  
  80  19:08  Outlaw Weapons Level 2  
  80  22:53  Redline Power Cells, Critical Response System  
Tags
 
Add a new tag
Caveats
  • Supply blocks, unpowered buildings, or Contaminate may cause inaccurate times.
  • Supply counts are checked every 10 seconds.